 Dungeon Crawl Stone Soup version 0.14.0-6-g1bc2dff (webtiles) character file.

135 Ragg the Digger (level 4, 24/24 HPs)
             Began as a Gargoyle Earth Elementalist on Apr 11, 2014.
             Quit the game on Level 2 of the Dungeon.
             The game lasted 00:09:13 (2119 turns).

Ragg the Digger (Gargoyle Earth Elementalist)       Turns: 2119, Time: 00:09:13

HP  24/24        AC  5     Str 11      XL: 4   Next: 12%
MP   2/9         EV 12     Int 17      God:
Gold 71          SH  0     Dex 10      Spells:  1 memorised,  8 levels left

rFire  . . .     SeeInvis .     a - +0 dagger
rCold  . . .     Clarity  .     c - +0 robe
rNeg   + . .     Conserve .     (no shield)
rPois  +         rCorr    .     (no helmet)
rElec  +         rRot     +     (no cloak)
SustAb . .       Spirit   .     (no gloves)
rMut   .         Warding  .     (no boots)
Saprov . . .     Stasis   .     (no amulet)
MR     .....                    (no ring)
                                (no ring)

@: not resistant to hostile enchantments, fairly stealthy
A: life protection 1, electricity resistance, unbreathing, petrification
resistance, AC +3
a: no special abilities


You were on level 2 of the Dungeon.
You were not hungry.

You visited 1 branch of the dungeon, and saw 2 of its levels.

You collected 71 gold pieces.

Inventory:

Hand weapons
 a - a +0,+0 dagger (weapon)
Missiles
 b - 18 stones (quivered)
Armour
 c - a +0 robe (worn)
 n - a +0 helmet
Comestibles
 f - a meat ration
 g - 5 bread rations
 i - a choko
 r - a chunk of adder flesh
Scrolls
 j - a scroll of enchant weapon II {unknown}
 k - a scroll of teleportation {unknown}
 p - a scroll of random uselessness {unknown}
 q - a scroll of enchant weapon I {unknown}
 s - a scroll of fear {unknown}
 t - a scroll of recharging {unknown}
 v - a scroll of fog {unknown}
Potions
 e - a potion of curing
 h - 2 potions of paralysis {unknown}
 l - a potion of lignification {unknown}
 m - a potion of heal wounds {unknown}
 o - a potion of restore abilities {unknown}
 u - a potion of resistance {unknown}
Books
 d - a book of Geomancy

   Spells                             Type                      Level
   *Sandblast                         Earth                        1
   Stoneskin                          Transmutation/Earth          2
   Passwall                           Transmutation/Earth          3
   Stone Arrow                        Conjuration/Earth            3
   Petrify                            Transmutation/Earth          4
   Lee's Rapid Deconstruction         Earth                        5


   Skills:
 - Level 1.5 Dodging
 - Level 2.1 Stealth
 + Level 3.3 Spellcasting
   Level 0.7 Transmutations
 + Level 4.6 Earth Magic


You had 8 spell levels left.
You knew the following spells:

 Your Spells              Type           Power        Failure   Level  Hunger
a - Sandblast             Erth           ###...       2%          1    None


Dungeon Overview and Level Annotations

Branches:
Dungeon (2/15)

Altars:
Okawaru


Innate Abilities, Weirdness & Mutations

You are resistant to torment.
You are immune to poison.
You are immune to rotting.
Your stone body is very resilient (AC +3).
You resist negative energy.
You are resistant to electric shocks.
You can survive without breathing.
You are immune to petrification.


Message History

You can't see any susceptible monsters within range! (Use Z to cast anyway.)
Casting: Sandblast
Confirm with . or Enter, or press ? or * to list all spells.
You can't see any susceptible monsters within range! (Use Z to cast anyway.)
Casting: Sandblast
Confirm with . or Enter, or press ? or * to list all spells.
You can't see any susceptible monsters within range! (Use Z to cast anyway.)
You see here an adder corpse.
All of the chunks of flesh in your inventory have completely rotted away.
You start butchering the adder corpse.
You continue butchering the corpse.
You continue butchering the corpse. x2
You finish butchering the adder corpse.
r - a chunk of adder flesh You start resting.
HP restored.
There's nothing to open nearby.
New annotation for D:2 (include '!' for warning):
Okay, then.
Unknown command.
Are you sure you want to abandon this character and quit the game? (Confirm with "yes".)

#.......#
#.......+
#.......#
######'##
#..#
####.##
#....#
##'######
#..@....#
#.......#
#.......#
#.......#
#.......+
#.......#
#.......#
########


There were no monsters in sight!

Vanquished Creatures
  4 adders (D:2)
  3 bats
  2 giant cockroaches (D:1)
  5 goblins
  6 hobgoblins
  A quokka (D:2)
  3 giant newts
  4 kobolds (D:1)
  A rat (D:1)
29 creatures vanquished.

Notes
Turn   | Place    | Note
--------------------------------------------------------------
     0 | D:1      | Ragg, the Gargoyle Earth Elementalist, began the quest for the Orb.
     0 | D:1      | Reached XP level 1. HP: 10/10 MP: 3/3
   236 | D:1      | Reached XP level 2. HP: 12/15 MP: 0/5
   237 | D:1      | Found an iron altar of Okawaru.
   724 | D:1      | Reached skill level 4 in Earth Magic
  1491 | D:2      | Reached XP level 3. HP: 8/19 MP: 1/6
  2095 | D:2      | Reached XP level 4. HP: 22/24 MP: 5/9
  2119 | D:2      | Quit the game

Action                   |  1- 3 |  4- 6 || total
-------------------------+-------+-------++-------
Melee: Dagger            |    47 |     2 ||    49
       Unarmed           |     9 |       ||     9
 Cast: Sandblast         |    52 |     6 ||    58
  Use: Potion            |     1 |       ||     1
